 Dungeon Crawl Stone Soup version 0.29.1-15-g9cfb28693d (webtiles) character file.

Game seed: 5065082579576016791

331 Eitelfritz the Magician (level 6, 0/33 HPs)
             Began as a Deep Elf Fire Elementalist on Mar 9, 2023.
             Succumbed to Duvessa's poison
             ... on level 4 of the Dungeon.
             The game lasted 00:11:19 (5045 turns).

Eitelfritz the Magician (DEFE)                      Turns: 5045, Time: 00:11:19

Health: 0/33       AC:  4    Str:  7    XL:     6   Next: 26%
Magic:  13/15      EV: 13    Int: 20    God:
Gold:   244        SH:  0    Dex: 15    Spells: 0/14 levels left

rFire   . . .      SeeInvis .   a - +0 quarterstaff
rCold   . . .      Faith    .   (shield currently unavailable)
rNeg    + . .      Spirit   .   d - +0 robe
rPois   .          Reflect  .   (no helmet)
rElec   .          Harm     .   (no cloak)
rCorr   .          Rampage  .   (no gloves)
Will    .....                   i - +1 pair of boots
Stlth   +++.......              (no amulet)
HPRegen 0.11/turn               j - ring of positive energy
MPRegen 0.14/turn               (no ring)

@: lethally poisoned (0 -> -19)
A: no striking features
a: no special abilities


You were on level 4 of the Dungeon.
You visited 1 branch of the dungeon, and saw 4 of its levels.

You collected 244 gold pieces.

Inventory:

Hand Weapons
 a - a +0 quarterstaff (weapon)
 m - a +0 long sword
Missiles
 g - 4 poisoned darts
 n - 6 curare-tipped darts
 p - 3 javelins
Armour
 d - a +0 robe (worn)
 i - a +1 pair of boots (worn)
Magical Staves
 e - a staff of earth
Jewellery
 j - a ring of positive energy (left hand)
Scrolls
 c - 4 scrolls of identify
 l - 2 scrolls of poison
Potions
 f - a potion of cancellation
 h - a potion of resistance
 k - a potion of curing
 o - a potion of invisibility {unknown}
 s - a potion of flight


   Skills:
 + Level 0.3 Fighting
 + Level 0.6 Long Blades
 + Level 0.2 Staves
 + Level 3.5 Dodging
 + Level 4.4 Stealth
 + Level 4.9 Spellcasting
 + Level 2.3 Conjurations
 + Level 0.2 Transmutations
 + Level 4.9 Fire Magic


You couldn't memorise any spells.
You knew the following spells:

 Your Spells              Type           Power      Damage    Failure   Level
a - Foxfire               Conj/Fire      76%        2x1d7     2%          1
b - Scorch                Fire           48%        2d7       2%          2
c - Conjure Flame         Conj/Fire      19%        6-21      8%          3
d - Sting                 Tmut/Pois      20%        1d4       11%         1
e - Inner Flame           Hex/Fire       14%        N/A       13%         3
f - Flame Wave            Conj/Fire      19%        2d7       26%         4

Your spell library contained the following spells:

 Spells                   Type           Power      Damage    Failure   Level
 Call Canine Familiar     Summ           4%         N/A       34%         3
 Portal Projectile        Hex/Tloc       8%         N/A       34%         3
 Leda's Liquefaction      Hex/Erth       2%         N/A       75%         4


Dungeon Overview and Level Annotations

Branches:
Dungeon (4/15)
 Temple: D:4-7

Altars:
Gozag
Nemelex Xobeh
Xom
The Shining One

Annotations:
D:4 Duvessa


Message History

Dowan gestures at you while chanting. The puff of flame hits you.
Casting: Scorch (safe; 2% risk of failure)
Confirm with . or Enter, or press ? or * to list all spells.
You don't have enough magic to cast this spell.
Unknown command.
You barely miss Duvessa.
Duvessa is almost dead.
Duvessa hits you with a +4 short sword of venom.
You are poisoned.
Unknown command.
Casting: Scorch (safe; 2% risk of failure)
Confirm with . or Enter, or press ? or * to list all spells.
Flames lash Dowan.
Dowan is burned terribly!
You kill Dowan!
Duvessa screams, "No!
How DARE you!"
Duvessa goes berserk!
You feel very sick.
Duvessa hits you with a +4 short sword of venom!
You are lethally poisoned!
Duvessa hits you with a +4 short sword of venom!
* * * LOW HITPOINT WARNING * * *
You are more poisoned.
You feel better.
Duvessa is no longer more vulnerable to fire.
Duvessa misses you.
You aren't carrying any items that you can evoke.
Unknown command.
Unknown command.
Magic courses through your body.
Duvessa hits you with a +4 short sword of venom!
* * * LOW HITPOINT WARNING * * *
You are lethally poisoned!
Duvessa completely misses you.
Casting: Scorch (safe; 2% risk of failure)
Confirm with . or Enter, or press ? or * to list all spells.
Flames lash Duvessa.
Duvessa is almost dead.
Duvessa's fire resistance burns away.
You die...

...# ##..>.....## #..# ...#
##........## #..# ..##
##........## #..#
...####........## #..##
.)..##.........# #...######
##.............# #.........
##........############.....####
##..)...## ##.e)........###
#......## #..@####....##
###......###..## ###..# .
###.#..........## ##.# e.
..#....######>## ##.# .e#
#.##.....# ###### ##..## ..#
.)..<....#### ##.#####....##..#
##.......#..# #..............#
)#.#......#####..#######.....#
.#.........♣.♣.♣#♣## ##...##


You could see Duvessa (berserk, combustible).

Vanquished Creatures
  A water moccasin (D:3)
  Dowan (D:4)
  2 orc priests
  An iguana (D:3)
  4 adders
  A worm (D:4)
  4 orcs (D:3)
  3 endoplasms
  5 giant cockroaches
  4 goblins
  A hobgoblin (D:3)
  9 jackals
  5 kobolds
  2 quokkas (D:3)
  6 ball pythons
  A bat (D:2)
  3 frilled lizards
  3 rats
56 creatures vanquished.

Vanquished Creatures (collateral kills)
  A foxfire (D:1)
1 creature vanquished.

Vanquished Creatures (others)
  99 foxfires
99 creatures vanquished.

Grand Total: 156 creatures vanquished

Notes
Turn   | Place    | Note
-------+----------+-------------------------------------------
     0 | D:1      | Eitelfritz the Deep Elf Fire Elementalist began the quest
                  | for the Orb.
     0 | D:1      | Reached XP level 1. HP: 10/10 MP: 6/6
   746 | D:1      | Reached XP level 2. HP: 8/15 MP: 5/8
   899 | D:1      | Learned a level 2 spell: Scorch
   926 | D:1      | Found a faded altar of an unknown god.
   932 | D:1      | Got Plato's Incunabulum of Toxins
  1415 | D:2      | Reached XP level 3. HP: 19/19 MP: 7/9
  1419 | D:2      | Learned a level 3 spell: Conjure Flame
  1421 | D:2      | Learned a level 1 spell: Sting
  1750 | D:2      | Found a shimmering altar of Xom.
  2371 | D:3      | Found a sparkling altar of Nemelex Xobeh.
  2371 | D:3      | Found an opulent altar of Gozag.
  2712 | D:3      | Found a glowing golden altar of the Shining One.
  2958 | D:3      | Reached XP level 4. HP: 24/24 MP: 11/11
  3556 | D:4      | Noticed a water moccasin
  3656 | D:3      | Killed a water moccasin
  3657 | D:3      | Reached XP level 5. HP: 9/28 MP: 3/13
  3663 | D:3      | HP: 1/28 [poisoned by a water moccasin]
  4504 | D:4      | Reached XP level 6. HP: 13/33 MP: 7/15
  4750 | D:4      | Learned a level 3 spell: Inner Flame
  4755 | D:4      | Learned a level 4 spell: Flame Wave
  5008 | D:4      | Noticed Duvessa
  5008 | D:4      | Noticed Dowan
  5042 | D:4      | Killed Dowan
  5045 | D:4      | Succumbed to Duvessa's poison

Illustrated notes

Levels and vault maps discovered:
D:1:      ncdulo_lavacross, layout_basic, shapermc_ecumenical_altar_rom_forum
D:2:      minmay_spotlight, layout_loops_ring, basic_altar
D:3:      layout_basic, grunt_temple_overflow_opulence, tso_metal_star
D:4:      layout_layer_cave, serial_forest, infiniplex_forest_zigzag_2,
          infiniplex_forest_zigzag_1, infiniplex_forest_lined_2,
          infiniplex_forest_lined_room_2, infiniplex_forest_straight_3,
          infiniplex_forest_straight_3, infiniplex_forest_end_double,
          minmay_fractal_squares_5, uniq_duvessa

Skill      XL: |  1  2  3  4 |
---------------+-------------+-----
Fire Magic     | 4 |  4.9
Conjurations   | 2 |  2.3
Stealth        | 3 4 |  4.4
Dodging        | 3 |  3.5
Spellcasting   | 4 |  4.9
Fighting       | |  0.3
Long Blades    | |  0.6
Staves         | |  0.2
Transmutations | |  0.2

Action                   |  1- 3 |  4- 6 || total
-------------------------+-------+-------++-------
Melee: Unarmed           |     3 |       ||     3
       Falchion          |    16 |     2 ||    18
       Quarterstaff      |       |     9 ||     9
 Cast: Foxfire           |    40 |    18 ||    58
       Scorch            |     7 |    24 ||    31
       Sting             |     1 |     3 ||     4
       Conjure Flame     |       |     1 ||     1
  Use: Scroll            |       |    12 ||    12
       Potion            |       |     2 ||     2
 Stab: Sleeping          |     5 |       ||     5
Armor: Robe              |    28 |    10 ||    38
Dodge: Dodged            |    44 |    39 ||    83
